 Dungeon Crawl Stone Soup version 0.27-a0-1189-gb8eb6cee8e (webtiles) character file.

Game seed: 11815466137895617137

45 leviel the Shield-Bearer (level 3, -1/23 HPs)
             Began as a Gargoyle Fighter on May 22, 2021.
             Slain by a gnoll
             ... wielding a +0 spear
              (2 damage)
             ... on level 2 of the Dungeon.
             The game lasted 00:01:13 (1554 turns).

leviel the Shield-Bearer (Gargoyle Fighter)         Turns: 1554, Time: 00:01:13

Health: -1/23      AC: 10    Str: 20    XL:     3   Next: 64%
Magic:  3/3        EV:  7    Int:  8    God:
Gold:   23         SH:  9    Dex:  9    Spells: 2/2 levels left

rFire    . . .     SeeInvis .   a - +0 flail
rCold    . . .     Faith    .   c - +0 kite shield
rNeg     + . .     Spirit   .   b - +0 scale mail
rPois    ∞         Reflect  .   (no helmet)
rElec    +         Harm     .   (no cloak)
rCorr    .         Rampage  .   (no gloves)
Will     .....                  (no boots)
Stlth    ..........             (no amulet)
HPRegen  0.07/turn              (no ring)
MPRegen  0.08/turn              (no ring)

@: mighty
A: sickness immunity, AC +3, negative energy resistance 1, electricity
resistance, torment resistance 1, petrification resistance
a: no special abilities


You were on level 2 of the Dungeon.
You visited 1 branch of the dungeon, and saw 2 of its levels.

You collected 23 gold pieces.

Inventory:

Hand Weapons
 a - a +0 flail (weapon)
Armour
 b - a +0 scale mail (worn)
 c - a +0 kite shield (worn)
Scrolls
 e - a scroll of blinking
 f - a scroll of identify {unknown}
Potions
 g - a potion of lignification {unknown}
 h - a potion of haste {unknown}


   Skills:
 - Level 3.5 Fighting
 + Level 3.3 Maces & Flails
 - Level 3.3 Armour
 - Level 3.6 Shields


You had 2 spell levels left.
You didn't know any spells.
Your spell library contained the following spells:

 Spells                   Type           Power      Damage    Failure   Level
 Magic Dart               Conj           0%         1d3       99%         1
 Searing Ray              Conj           0%         3d3       100%        2
 Dazzling Flash           Conj/Hex       0%         N/A       100%        3
 Fulminant Prism          Conj/Hex       0%         3d6       100%        4
 Iskenderun's Mystic Bla  Conj/Tloc      0%         2d3       100%        4


Dungeon Overview and Level Annotations

Branches:
Dungeon (2/15)

Altars:


Innate Abilities, Weirdness & Mutations

You are immune to sickness and miasma.
Your stone body is resilient. (AC +3)
You are immune to poison.
You resist negative energy. (rN+)
You are resistant to electric shocks. (rElec)
You are resistant to unholy torment.
You are immune to petrification.


Message History

The gnoll hits you but does no damage. You block the gnoll's attack.
The adder bites you but does no damage. You block the gnoll's attack.
The gnoll barely misses you.
You closely miss the gnoll. You block the adder's attack.
You block the gnoll's attack. The gnoll barely misses you.
The adder barely misses you.
You hit the gnoll.
The gnoll is moderately wounded.
The adder bites you but does no damage. The gnoll hits you with a +0 whip.
The gnoll hits you from afar with a +0 spear.
The adder bites you. The gnoll hits you but does no damage.
The gnoll hits you from afar with a +0 spear.
You are too injured to fight recklessly!
You feel very mighty all of a sudden. The adder bites you.
* * * LOW HITPOINT WARNING * * *
You block the gnoll's attack. The gnoll hits you but does no damage.
You bludgeon the gnoll!!
You kill the gnoll!
The adder barely misses you. You block the adder's attack.
The gnoll hits you but does no damage.
Your Maces & Flails skill increases to level 3!
You closely miss the gnoll. The adder bites you but does no damage.
The gnoll hits you from afar with a +0 spear.
* * * LOW HITPOINT WARNING * * *
The gnoll hits you but does no damage. The adder bites you but does no damage.
The gnoll hits you but does no damage. x2
You sock the gnoll!
You kill the gnoll!
The adder bites you but does no damage. x2; The gnoll closely misses you.
The gnoll hits you with a +0 spear.
* * * LOW HITPOINT WARNING * * *
The adder bites you but does no damage.
Things that are here:
a +0 flail; a +0 whip You thump the gnoll!
The gnoll is almost dead.
The gnoll hits you but does no damage. The adder bites you but does no damage.
The gnoll hits you with a +0 spear.
You die...

.!... ## ....
. ... .#..♣
#...♣
#...♣♣...
##J.......
#.###S#.......
#.g@####.###.
##.## #S# #.
#.# .. #(#
..###.##.###.#
##.
#>...<....#
##.......#####
#########


You could see a gnoll, an adder and an endoplasm.

Vanquished Creatures
  2 gnolls (D:2)
  2 endoplasms (D:1)
  A giant cockroach (D:1)
  A goblin (D:1)
  5 hobgoblins (D:1)
  A quokka (D:1)
  3 ball pythons (D:1)
  3 frilled lizards (D:1)
  4 kobolds (D:1)
  4 rats (D:1)
26 creatures vanquished.

Notes
Turn   | Place    | Note
-------+----------+-------------------------------------------
     0 | D:1      | leviel the Gargoyle Fighter began the quest for the Orb.
     0 | D:1      | Reached XP level 1. HP: 14/14 MP: 1/1
   648 | D:1      | Reached XP level 2. HP: 7/19 MP: 2/2
  1313 | D:1      | Reached XP level 3. HP: 23/23 MP: 3/3
  1553 | D:2      | HP: 1/23 [gnoll/+0 spear (4)]
  1554 | D:2      | Slain by a gnoll

Illustrated notes

Levels and vault maps discovered:
D:1:      dpeg_arrival_tiny_a, layout_basic
D:2:      layout_loops_ring, chequers_garden, minmay_pentomino_v4, uniq_sigmund

Skill      XL: |  1  2  3 |
---------------+----------+-----
Maces & Flails | 3 |  3.3
Fighting       | |  3.5
Armour         | |  3.3
Shields        | |  3.6

Action                   || total
-------------------------++-------
Melee: Flail             ||    89
  Use: Scroll            ||     2
       Potion            ||     2
Armor: Scale mail        ||    69
Dodge: Dodged            ||    33
Block: Kite shield       ||    50

Table legend: (Time is in decaauts)
 A = Elapsed time spent in this place.
 B = Non-inter-level travel time spent in this place.
 C = Inter-level travel time spent in this place.
 D = Time resting spent in this place.
 E = Time spent auto-exploring this place.
 F = Levels seen in this place.
 G = Mean time per level.
                   A        B        C        D        E       F      G
               +--------+--------+--------+--------+--------+-----+--------+
         Total |   1599 |   1561 |     38 |    196 |   1154 |   2 |  799.5 |
       Dungeon |   1599 |   1561 |     38 |    196 |   1154 |   2 |  799.5 |
               +--------+--------+--------+--------+--------+-----+--------+

Top non-repeatable levels by time:
     D:1: 1584 daAuts
     D:2: 15 daAuts
